cohdb
Replays
Latest Replays
All Replays
Popular Replays
Top Player Replays
Match Explorer
How It Works
Community
CoH3 Stats
Reddit
Sign in to upload your games and track your stats! →
Sign in with Steam
Reakly loosing against top 20 Player ez win no effort needed
Match 27452223
Overview
Messages
Build Orders
End
Selects Italian Combined Arms Battlegroup
Selects Bersaglieri Squad
Bersaglieri Squad
Kradschützen Motorcycle Team
Bersaglieri Squad
250 Light Carrier
Construct Light Support Kompanie
Combat Half-tracks
Selects Bersaglieri Bolster
Construct Mechanized Kompanie
8 Rad Armored Car
Panzerjäger Mechanized Group
Selects Vehicle Support - Force Recon
Vehicle Survival Package
8 Rad Armored Car
8 Rad Armored Car
Alpenwell
Reakly
0
0
Comments
sign in to comment!
No comments posted yet!